 Dungeon Crawl Stone Soup version 0.25-a0-164-gb55e97dba5 (webtiles) character file.

Game seed: 17301599615244494787, levelgen mode: deterministic

1903059 Polaris the Slayer (level 27, 168/168 HPs)
             Began as a Vine Stalker Fighter on Nov 22, 2019.
             Was the Champion of Makhleb.
             Escaped with the Orb
             ... and 3 runes!
             The game lasted 03:53:28 (62322 turns).

Polaris the Slayer (Vine Stalker Fighter)          Turns: 62322, Time: 03:53:28

Health: 168/168    AC: 48    Str: 32    XL:     27
Magic:  34/34      EV:  7    Int: 13    God:    Makhleb [******]
Gold:   6671       SH: 38    Dex: 20    Spells: 21/26 levels left

rFire    + + +     SeeInvis .   a - +8 broad axe (vamp)
rCold    + + +     Gourm    .   E - +6 large shield of Magic {rC+ Dex+3}
rNeg     + + .     Faith    .   s - +12 gold dragon scales
rPois    +         Spirit   +   X - +2 hat {Int+3}
rElec    +         Reflect  +   n - +1 cloak of the Ace of Swords {+Fly rPois Str+3}
rCorr    .         Harm     .   b - +0 pair of gloves "Derio" {rC+ Regen+ Dex+2} (curse)
MR       ++++.     Clarity  +   o - +2 pair of boots {run}
Stlth    ..........             F - amulet "Getumuic" {Reflect +Fly rF+ SH+6}
HPRegen  1.58/turn              y - +2 ring of slaying
MPRegen  0.24/turn              Y - ring of Huucyhau {rElec rPois rN++ MR+ Stlth+}

@: hasted, very quick
A: fangs 3, yellow scales 1, clarity, fire resistance 1, regeneration 2, wild
magic 1, magic shield, antimagic bite, no potion heal 3, rot immunity
0: Orb of Zot
}: 3/15 runes: decaying, serpentine, silver
a: Minor Destruction, Lesser Servant of Makhleb, Major Destruction, Greater
Servant of Makhleb, Renounce Religion, Evoke Flight


You escaped.
You worshipped Makhleb.
Makhleb was exalted by your worship.
You were completely stuffed.

You visited 10 branches of the dungeon, and saw 52 of its levels.
You also visited: Ossuary, Ice Cave and Desolation.

You collected 9220 gold pieces.
You spent 2549 gold pieces at shops.

Inventory:

Hand Weapons
 a - a +8 vampiric broad axe (weapon)
 c - a +4 broad axe of flaming
 P - a +1 broad axe of freezing
Missiles
 g - 30 atropa-tipped darts
 k - 3 throwing nets
 J - 37 boomerangs (quivered)
Armour
 b - the cursed +0 pair of gloves "Derio" (worn) {rC+ Regen+ Dex+2}
   (You found it in the Desolation of Salt)

   It affects your dexterity (+2).
   It protects you from cold.
   It increases your rate of regeneration.
   It has a curse placed upon it.
 n - the +1 cloak of the Ace of Swords (worn) {+Fly rPois Str+3}
   (You acquired it on level 3 of the Lair of Beasts)

   It affects your strength (+3).
   It protects you from poison.
   It lets you fly.
 o - a +2 pair of boots of running (worn)
 s - +12 gold dragon scales (worn)
 E - the +6 large shield of Magic (worn) {rC+ Dex+3}
   (You acquired it on level 3 of the Elven Halls)

   It affects your dexterity (+3).
   It protects you from cold.
 X - a +2 hat of intelligence (worn)
Jewellery
 t - an uncursed ring of resist corrosion
 v - the ring "Yryirahi" {MR++ MP+9 Dex+5 Stlth-}
   (You found it on level 4 of the Depths)

   [ring of magical power]

   It affects your dexterity (+5).
   It affects your resistance to hostile enchantments.
   It affects your magic capacity (+9).
   It makes you less stealthy.
 y - a +2 ring of slaying (left hand)
 D - the ring of Autotheism {Ice rPois Str+2 SInv}
   (You found it on level 3 of the Elven Halls)

   [ring of ice]

   It enhances your ice magic.
   It affects your strength (+2).
   It makes you vulnerable to fire.
   It protects you from cold.
   It protects you from poison.
   It lets you see invisible.
 F - the amulet "Getumuic" (around neck) {Reflect +Fly rF+ SH+6}
   (You found it on level 3 of the Elven Halls)

   [amulet of reflection]

   It shields you and reflects attacks.
   It protects you from fire.
   It lets you fly.
   It affects your SH (+6).
 Y - the ring of Huucyhau (right hand) {rElec rPois rN++ MR+ Stlth+}
   (You found it on level 3 of the Snake Pit)

   [ring of poison resistance]

   It insulates you from electricity.
   It protects you from poison.
   It greatly protects you from negative energy.
   It affects your resistance to hostile enchantments.
   It makes you more stealthy.
Wands
 K - a wand of digging (32)
 N - a wand of acid (3)
 S - a wand of clouds (1)
 T - a wand of iceblast (11)
Scrolls
 e - 26 scrolls of remove curse
 i - 31 scrolls of teleportation
 j - 2 scrolls of silence
 z - 7 scrolls of magic mapping
 A - 9 scrolls of blinking
 G - 4 scrolls of immolation
 H - 3 scrolls of summoning
 L - 8 scrolls of identify
 Q - 8 scrolls of fog
 W - 5 scrolls of fear
Potions
 d - 4 potions of might
 h - 5 potions of lignification
 l - 7 potions of agility
 m - 25 potions of curing
 p - 6 potions of ambrosia
 r - 4 potions of cancellation
 u - 7 potions of invisibility
 w - 3 potions of berserk rage
 x - 5 potions of haste
 B - 11 potions of brilliance
 C - 5 potions of flight
 O - 5 potions of resistance
 R - 5 potions of magic
Miscellaneous
 I - 2 boxes of beasts
 U - a phantom mirror
 V - a lamp of fire
Comestibles
 f - 96 rations


   Skills:
 + Level 24.5 Fighting
   Level 1.1 Long Blades
 - Level 22.2 Axes
 - Level 11.2 Throwing
 * Level 21.3 Armour
 - Level 0.8 Stealth
 - Level 21.6 Shields
 * Level 14.0 Invocations
 - Level 5.0 Evocations


You had 21 spell levels left.
You knew the following spells:

 Your Spells              Type           Power        Failure   Level  Hunger
a - Song of Slaying       Chrm           #.......     100%        2    ###....
b - Regeneration          Chrm/Necr      #.........   100%        3    ####...

Your spell library contained the following spells:

 Spells                   Type           Power        Failure   Level  Hunger
 Animate Skeleton         Necr           N/A          99%         1    ##.....
 Apportation              Tloc           #.....       99%         1    ##.....
 Confusing Touch          Hex            #.....       99%         1    ##.....
 Corona                   Hex            #......      99%         1    ##.....
 Flame Tongue             Conj/Fire      #....        99%         1    ##.....
 Freeze                   Ice            #...         99%         1    ##.....
 Infusion                 Chrm           #...         99%         1    ##.....
 Magic Dart               Conj           #...         99%         1    ##.....
 Pain                     Necr           #...         99%         1    ##.....
 Sandblast                Erth           #.....       99%         1    ##.....
 Shock                    Conj/Air       #...         99%         1    ##.....
 Sting                    Conj/Pois      #...         99%         1    ##.....
 Summon Small Mammal      Summ           #...         99%         1    ##.....
 Blink                    Tloc           N/A          100%        2    ###....
 Call Imp                 Summ           #.......     100%        2    ###....
 Corpse Rot               Necr           N/A          100%        2    ###....
 Ensorcelled Hibernation  Hex/Ice        #.....       100%        2    ###....
 Passwall                 Tmut/Erth      #.......     100%        2    ###....
 Poisonous Vapours        Pois/Air       #.....       100%        2    ###....
 Searing Ray              Conj           #.....       100%        2    ###....
 Shroud of Golubria       Chrm/Tloc      #.....       100%        2    ###....
 Slow                     Hex            #.......     100%        2    ###....
 Swiftness                Chrm/Air       #.......     100%        2    ###....
 Throw Flame              Conj/Fire      #.....       100%        2    ###....
 Throw Frost              Conj/Ice       #.....       100%        2    ###....
 Call Canine Familiar     Summ           #.......     100%        3    ####...
 Confuse                  Hex            #.......     100%        3    ####...
 Conjure Flame            Conj/Fire      #.......     100%        3    ####...
 Dazzling Spray           Conj/Hex       #.....       100%        3    ####...
 Gell's Gravitas          Tloc           #.........   100%        3    ####...
 Ignite Poison            Fire/Tmut/Pois #.......     100%        3    ####...
 Inner Flame              Hex/Fire       #.......     100%        3    ####...
 Mephitic Cloud           Conj/Pois/Air  #.......     100%        3    ####...
 Ozocubu's Armour         Chrm/Ice       #.......     100%        3    ####...
 Recall                   Summ/Tloc      N/A          100%        3    ####...
 Spectral Weapon          Hex/Chrm       #.......     100%        3    ####...
 Static Discharge         Conj/Air       #.......     100%        3    ####...
 Stone Arrow              Conj/Erth      #.....       100%        3    ####...
 Summon Guardian Golem    Hex/Summ       #.......     100%        3    ####...
 Tukima's Dance           Hex            #.......     100%        3    ####...
 Airstrike                Air            #.........   100%        4    #####..
 Animate Dead             Necr           N/A          100%        4    #####..
 Cause Fear               Hex            #.........   100%        4    #####..
 Force Lance              Conj/Tloc      #.......     100%        4    #####..
 Fulminant Prism          Conj/Hex       #.........   100%        4    #####..
 Ice Form                 Ice/Tmut       #.......     100%        4    #####..
 Iskenderun's Mystic Bla  Conj           #.......     100%        4    #####..
 Leda's Liquefaction      Hex/Erth       #.........   100%        4    #####..
 Olgreb's Toxic Radiance  Pois           #.......     100%        4    #####..
 Petrify                  Tmut/Erth      #.......     100%        4    #####..
 Sticky Flame             Conj/Fire      #.......     100%        4    #####..
 Summon Ice Beast         Ice/Summ       #.......     100%        4    #####..
 Summon Lightning Spire   Summ/Air       #.......     100%        4    #####..
 Throw Icicle             Conj/Ice       #.......     100%        4    #####..
 Agony                    Necr           #.......     100%        5    ######.
 Aura of Abjuration       Summ           #.........   100%        5    ######.
 Bolt of Magma            Conj/Fire/Erth #.........   100%        5    ######.
 Borgnjor's Vile Clutch   Necr/Erth      #.........   100%        5    ######.
 Dispel Undead            Necr           #.......     100%        5    ######.
 Excruciating Wounds      Chrm/Necr      #.........   100%        5    ######.
 Fireball                 Conj/Fire      #.........   100%        5    ######.
 Irradiate                Conj/Tmut      #.........   100%        5    ######.
 Iskenderun's Battlesphe  Conj/Chrm      #.......     100%        5    ######.
 Lee's Rapid Deconstruct  Erth           #.........   100%        5    ######.
 Lightning Bolt           Conj/Air       #.........   100%        5    ######.
 Metabolic Englaciation   Hex/Ice        #.........   100%        5    ######.
 Silence                  Hex/Air        #.........   100%        5    ######.
 Summon Forest            Summ/Tloc      #.........   100%        5    ######.
 Venom Bolt               Conj/Pois      #.........   100%        5    ######.
 Yara's Violent Unravell  Hex/Tmut       #.........   100%        5    ######.
 Bolt of Cold             Conj/Ice       #.........   100%        6    #######
 Darkness                 Hex            #.........   100%        6    #######
 Death Channel            Necr           #.........   100%        6    #######
 Deflect Missiles         Chrm/Air       #.........   100%        6    #######
 Freezing Cloud           Conj/Ice/Air   #.........   100%        6    #######
 Hydra Form               Tmut           #.........   100%        6    #######
 Invisibility             Hex            #.......     100%        6    #######
 Iron Shot                Conj/Erth      #.........   100%        6    #######
 Ozocubu's Refrigeration  Ice            #.........   100%        6    #######
 Poison Arrow             Conj/Pois      #.........   100%        6    #######
 Shadow Creatures         Summ           N/A          100%        6    #######
 Simulacrum               Ice/Necr       #.........   100%        6    #######
 Statue Form              Tmut/Erth      #........    100%        6    #######
 Dragon Form              Tmut           #.........   100%        7    #######
 Orb of Destruction       Conj           #.........   100%        7    #######
 Ring of Flames           Chrm/Fire      #.........   100%        7    #######
 Spellforged Servitor     Conj/Summ      #.........   100%        7    #######
 Summon Hydra             Summ           #.........   100%        7    #######
 Chain Lightning          Conj/Air       #.........   100%        8    #######
 Death's Door             Chrm/Necr      #.........   100%        8    #######
 Discord                  Hex            #.........   100%        8    #######
 Lehudib's Crystal Spear  Conj/Erth      #.........   100%        8    #######
 Fire Storm               Conj/Fire      #.........   100%        9    #######
 Glaciate                 Conj/Ice       #.........   100%        9    #######
 Shatter                  Erth           #.........   100%        9    #######


Dungeon Overview and Level Annotations

Branches:
Dungeon (15/15)            Temple (0/1) D:4            Lair (6/6) D:11
  Swamp (4/4) Lair:2        Snake (4/4) Lair:3        Slime (0/5) Lair:5
    Orc (2/2) D:9             Elf (3/3) Orc:2        Vaults (5/5) D:14
  Crypt (3/3) Vaults:3       Tomb (0/3) Crypt:3      Depths (5/5) D:15
    Zot (5/5) Depths:5    Ossuary (visited)           IceCv (visited)
Desolation (visited)

Altars:
Elyvilon
Fedhas
Gozag
Kikubaaqudgha
Makhleb
Nemelex Xobeh
Okawaru
Qazlal
Ru
Trog
Vehumet
The Shining One
Jiyva

Shops:
D:4 :   D:8 %   D:10 :   D:13 (   Orc:2 :*[!   Elf:1 !   Elf:2 (   Snake:2 (
Snake:3 :(   Vaults:4 (   Depths:2 *   Depths:5 ??:

Portals:
Hell: Depths:1 Depths:2 Depths:3 Depths:4 Depths:5
Abyss: Depths:3 Depths:4 Depths:5
Pandemonium: Orc:2 Depths:3 Depths:5
Ziggurat: Depths:3
Trove: Depths:1 (give +6 demon blade)

Annotations:
D:2 exclusion: downstairs
D:3 exclusion: downstairs, Sigmund
D:10 exclusion: downstairs
Lair:2 exclusion: downstairs
Swamp:4 Lernaean hydra
Snake:1 exclusion: 2 downstairs


Innate Abilities, Weirdness & Mutations

You have razor-sharp teeth.
You heal very quickly.
When hurt, damage is shared between your health and your magic reserves.
Your bite disrupts and absorbs the magic of your enemies.
Potions cannot restore your health.
You are immune to rotting.
You are partially covered in yellow scales. (AC +2)
You possess an exceptional clarity of mind.
Your flesh is heat resistant. (rF+)
Your spells are a little harder to cast, but a little more powerful.


Message History

You feel yourself speed up.
An infernal demonspawn comes into view.
It is wielding a +1 demon blade of flaming.
You block the infernal demonspawn's attack.
You slice the infernal demonspawn!!
Your bite misses the infernal demonspawn.
The infernal demonspawn is moderately wounded.
You slash the infernal demonspawn! You bite the infernal demonspawn!
You drain its power.
The infernal demonspawn is severely wounded.
You block the infernal demonspawn's attack.
You barely miss the infernal demonspawn.
You bite the infernal demonspawn! You drain its power.
The infernal demonspawn is almost dead.
Your shield and gold dragon scales prevent you from hitting the infernal demonspawn.
You bite the infernal demonspawn!
You kill the infernal demonspawn!
Makhleb accepts your kill.
You see here a +0 club.
There is a staircase leading out of the dungeon here.
You have escaped!

#......# #......#
#......# #......#
#......# #......#
.......# ##......#
#......#######.......#
#......#.............#
#.............#......#
#....................#
..)#.#.........^@....#
##.#.#...#######...#.#
##.#.....##...##..##.#
.........#.###.#..##.#
..##.....#.#≈#.#..##.#
.........#.#'#.#..##.#
..###....##...##..##.#
........÷####'##..##.#
..###.............##.###


There were no monsters in sight!

Vanquished Creatures
  3 orbs of fire (Zot:5)
  Mara (Elf:3)
  6 ancient liches
  Sojobo (Depths:1)
  Boris (Depths:4)
  3 Killer Klowns
  Frederick (Depths:1)
  Bai Suzhen (Snake:3)
  Margery (Crypt:3)
  Saint Roka (Snake:2)
  Xtahua (Vaults:3)
  2 caustic shrikes (Depths:3)
  Vashnia (Snake:1)
  A curse toe (Zot:2)
  The ghost of Geloitur the Imperceptible, a veteran SpEE of Dithmenos (Vaults:4)
  14 golden dragons
  5 liches
  2 electric golems (Zot:5)
  12 tentacled monstrosities
  25 Orb Guardians (Zot:5)
  Asterion (Snake:1)
  9 titans
  3 quicksilver dragons
  3 deep elf blademasters
  2 deep elf master archers (Elf:3)
  8 death cobs
  6 sphinxes
  2 ancient champions (Crypt:1)
  11 storm dragons
  2 thorn hunters
  Kirke (Swamp:2)
  4 shadow dragons
  10 tengu reavers
  7 nagarajas
  15 fire giants
  A revenant (Crypt:1)
  10 draconian monks
  The ghost of Mirut the Severer, a journeyman HOBe of Trog (D:13)
  Aizul (Snake:1)
  19 frost giants
  An iron dragon (Depths:3)
  6 deep elf sorcerers
  14 vault wardens
  5 ghost moths
  A balrug (Depths:4)
  9 draconian knights
  6 draconian scorchers
  12 deep elf elementalists
  5 draconian shifters
  4 curse skulls
  8 draconian stormcallers
  A caustic shrike skeleton (Crypt:1)
  3 war gargoyles (Vaults:5)
  3 reapers (Crypt:3)
  5 ghouls
  3 entropy weavers
  6 draconian annihilators
  2 spriggan defenders (Depths:3)
  14 ironheart preservers
  3 vampire knights
  35 very ugly things
  9 deep elf demonologists
  22 stone giants
  13 green draconians
  10 black draconians
  Azrael (Orc:2)
  13 yellow draconians
  A dire elephant (Lair:6)
  17 deep elf annihilators
  8 purple draconians
  A halazid warlock (Desolation)
  3 large abominations
  5 spark wasps
  10 white draconians
  Snorg (Lair:3)
  19 ettins
  7 red draconians
  A green death (Depths:3)
  13 deep elf death magi
  8 statues (Depths:4)
  8 eidola (Crypt:3)
  8 ragged hierophants (Desolation)
  5 crystal guardians (Desolation)
  A mummy priest (Crypt:3)
  18 yaktaur captains
  4 rakshasas
  5 jiangshi
  4 deep elf high priests
  21 hydras
  30 vault guards
  8 fire dragons
  13 great orbs of eyes
  19 naga warriors
  11 servants of whispers (Desolation)
  13 peacekeepers
  8 ice dragons
  Harold (D:9)
  7 centaur warriors
  2 ghost crabs
  3 shambling mangroves
  An anaconda (shapeshifter) (Depths:2)
  10 spriggan air magi
  A catoblepas (Lair:6)
  11 alligators
  9 death knights
  36 two-headed ogres
  5 anacondas
  4 deep troll shamans
  32 dancing weapons
  8 deep troll earth magi
  3 death yaks (Lair:6)
  5 tengu warriors
  8 vampire magi
  11 ogre magi
  A hell hog (Zot:4)
  2 titan zombies (Crypt:3)
  21 naga sharpshooters
  8 orc high priests (Orc:2)
  5 spriggan berserkers
  3 storm dragon zombies
  A shock serpent (shapeshifter) (Vaults:5)
  8 soul eaters
  3 sun demons
  11 shock serpents
  28 deep elf knights
  3 small abominations
  A salamander mystic (Snake:4)
  17 skeletal warriors
  2 shadow wraiths
  A storm dragon skeleton (Crypt:3)
  A torturous demonspawn (Depths:5)
  5 iron trolls
  A fire crab (shapeshifter) (Depths:2)
  2 titan skeletons
  2 infernal demonspawn
  2 spriggan druids (Swamp:2)
  An unseen horror (Vaults:1)
  An anaconda zombie (Crypt:3)
  10 wizards
  19 deep elf archers
  8 hell knights
  A shadow demon (Depths:5)
  7 flayed ghosts
  14 swamp dragons
  2 gelid demonspawn (Orc:2)
  A golden dragon zombie (Crypt:3)
  21 ironbrand convokers
  A lindwurm (Lair:6)
  24 deep trolls
  7 glowing orange brains
  4 naga ritualists
  A wolf spider zombie (Crypt:3)
  14 phantasmal warriors
  2 golden dragon skeletons
  Pikel (D:9)
  5 harpies (Vaults:3)
  16 necromancers
  14 orc knights
  12 mana vipers
  6 wolf spiders
  77 deep elf magi
  9 orc sorcerers
  A shining eye (shapeshifter) (Depths:5)
  2 stone giant zombies (Crypt:3)
  A frost giant zombie (Crypt:3)
  56 ugly things
  5 cyclopes
  3 manticores
  A harpy (shapeshifter) (Vaults:4)
  A sphinx skeleton (Crypt:2)
  2 oklob plants (Snake:3)
  6 salamanders
  22 moths of wrath
  An iron dragon skeleton (Crypt:3)
  A stone giant skeleton (Crypt:3)
  8 elephants
  A frost giant skeleton (Crypt:1)
  An alligator snapping turtle zombie (Crypt:2)
  5 guardian serpents
  A black mamba (shapeshifter) (Vaults:4)
  A shock serpent zombie (Crypt:3)
  12 vault sentinels
  31 black mambas
  A molten gargoyle (Desolation)
  Psyche (D:8)
  2 guardian serpents (shapeshifter)
  A fire giant skeleton (Crypt:3)
  30 naga magi
  3 ice statues (IceCv)
  An orange demon (Depths:5)
  A smoke demon (Depths:3)
  A spiny frog (shapeshifter) (D:13)
  An eye of devastation (shapeshifter) (Depths:5)
  A gargoyle (D:13)
  A shock serpent skeleton (Crypt:3)
  A torpor snail (Lair:6)
  14 spiny frogs
  2 centaur skeletons
  A hellion (Depths:5)
  An efreet (D:15)
  4 komodo dragons
  8 ice devils (IceCv)
  A catoblepas skeleton (Crypt:3)
  5 rime drakes
  3 emperor scorpion zombies (Crypt:3)
  46 yaktaurs
  A swamp worm zombie (Crypt:1)
  A yaktaur (shapeshifter) (Vaults:2)
  12 freezing wraiths
  A queen ant zombie (Crypt:1)
  A red devil (Depths:4)
  A polar bear (shapeshifter) (Vaults:2)
  13 hellwings (Crypt:3)
  6 meliai
  4 tengu conjurers
  A hornet (shapeshifter) (Depths:2)
  A troll (shapeshifter) (Elf:1)
  5 trolls
  6 jumping spiders
  A wind drake (shapeshifter) (Vaults:4)
  A death drake zombie (Crypt:2)
  A queen bee (Lair:4)
  62 saltlings (Desolation)
  17 bog bodies
  17 blink frogs
  A wolf spider simulacrum (D:15)
  7 tyrant leeches
  13 hornets
  A meliai zombie (D:13)
  Prince Ribbit (D:7)
  6 polar bears
  A fire dragon zombie (Crypt:3)
  2 dream sheep (Lair:6)
  56 slime creatures
  7 hippogriffs
  4 centaur simulacra
  11 redbacks
  9 spriggans
  An ettin skeleton (Crypt:3)
  3 air elementals
  3 water elementals
  A redback (shapeshifter) (Depths:3)
  4 wyverns
  5 shadows
  2 basilisks
  3 vampires
  17 wraiths
  2 ushabtiu (Crypt:3)
  A human (shapeshifter) (Depths:5)
  2 chaos spawn
  64 yaks
  Grum (D:9)
  5 fire elementals (Orc:2)
  A hog (shapeshifter) (Depths:3)
  2 hogs (Swamp:2)
  A steam dragon (D:13)
  30 vampire mosquitoes
  3 hungry ghosts
  A deep troll zombie (Crypt:2)
  2 neqoxecs
  A redback simulacrum (D:15)
  Menkaure (D:4)
  55 nagas
  6 insubstantial wisps (Swamp:4)
  4 wargs
  4 acid dragons
  9 swamp worms
  A floating eye (Depths:3)
  A soldier ant (D:13)
  11 water moccasins
  3 hell hounds
  2 floating eyes (shapeshifter)
  12 porcupines
  7 black bears
  6 ice beasts
  5 sky beasts
  8 necrophages
  17 swamp drakes
  45 orc warriors
  4 slaves (D:9)
  An eye of draining (shapeshifter) (Vaults:1)
  36 ogres
  4 phantoms
  14 boggarts
  A dream sheep skeleton (Crypt:2)
  18 wolves
  2 eyes of draining (Depths:4)
  25 centaurs
  A hippogriff zombie (Crypt:2)
  13 crocodiles
  2 big kobolds
  3 gnoll sergeants
  A wyvern zombie (D:8)
  16 bullfrogs
  4 earth elementals
  13 wyvern skeletons
  6 scorpions
  A water moccasin zombie (D:7)
  2 troll zombies
  A snapping turtle simulacrum (Crypt:1)
  21 killer bees
  18 wights
  4 howler monkeys
  2 spriggan skeletons
  6 electric eels
  3 centaur zombies
  7 lava snakes (Snake:1)
  9 crimson imps
  A human zombie (Crypt:3)
  A draconian simulacrum (IceCv)
  4 jellies
  26 orc wizards
  28 orc priests
  2 bullfrog skeletons
  7 hounds
  An iguana (D:5)
  12 worker ants
  5 troll simulacra (IceCv)
  A killer bee zombie (D:8)
  A spriggan simulacrum (IceCv)
  2 big kobold zombies (Ossuary)
  A deep dwarf zombie (Crypt:1)
  A naga zombie (Crypt:1)
  2 hound zombies
  2 hound skeletons (D:7)
  9 mummies
  2 howler monkey skeletons
  3 worker ant zombies
  15 gnolls
  13 adders
  2 ogre simulacra (IceCv)
  4 shadow imps
  3 white imps
  An ooze (D:1)
  An adder skeleton (D:4)
  4 worms
  4 dart slugs
  6 leopard geckos
  105 orcs
  5 giant cockroaches
  2 gnoll zombies
  4 goblins
  8 hobgoblins
  5 jackals
  3 quokkas
  3 ball pythons
  A ball python skeleton (D:4)
  9 bats
  3 frilled lizards (D:3)
  2 goblin skeletons
  4 hobgoblin zombies
  A jackal skeleton (D:7)
  A jackal zombie (D:6)
  12 kobolds
  3 kobold zombies
  A leopard gecko skeleton (D:7)
  2 orc zombies
  2 quokka zombies (D:8)
  5 rats
  A rat zombie (Crypt:2)
  5 briar patches
  5 crawling corpses
  A fire vortex (Depths:4)
  2 fungi
  2 plants (Lair:1)
  7 withered plants (Crypt:3)
2767 creatures vanquished.

Vanquished Creatures (collateral kills)
  Mennas (Crypt:1)
  Gastronok (D:11)
  Fannar (D:11)
  A shock serpent (Snake:2)
  A mana viper (Snake:2)
  A salamander (Snake:2)
  A black mamba (Snake:3)
  A komodo dragon (Lair:3)
  A dire elephant skeleton (Crypt:1)
  A naga (Snake:2)
  An orc (Snake:2)
11 creatures vanquished.

Vanquished Creatures (others)
  A tentacled monstrosity (Zot:2)
  An iron dragon (Depths:3)
  A vampire knight (Depths:1)
  A red draconian (Zot:5)
  A yellow draconian (Zot:5)
  A spark wasp (Depths:3)
  A yaktaur captain (Depths:2)
  A great orb of eyes (Depths:3)
  A centaur warrior (Vaults:2)
  A spriggan berserker (Depths:3)
  7 naga sharpshooters
  A deep elf knight (Vaults:4)
  A small abomination (Elf:3)
  A glowing orange brain (Vaults:4)
  4 deep elf archers
  A manticore (D:15)
  A naga mage (Snake:3)
  A black mamba (Snake:2)
  A yaktaur (Depths:3)
  A human (Swamp:2)
  An orc warrior (Vaults:4)
  An ogre (Depths:3)
  2 orc wizards
  A briar patch (Swamp:3)
  A fire vortex (Depths:4)
  16 fungi
  9 plants
  A withered plant (Crypt:3)
61 creatures vanquished.

Grand Total: 2839 creatures vanquished

Notes
Turn   | Place    | Note
-------+----------+-------------------------------------------
     0 | D:1      | Polaris the Vine Stalker Fighter began the quest for the
                  | Orb.
     0 | D:1      | Reached XP level 1. HP: 11/11 MP: 2/2
    64 | D:1      | Reached XP level 2. HP: 13/16 MP: 1/3
   587 | D:1      | Reached XP level 3. HP: 19/19 MP: 4/4
   864 | D:2      | Reached skill level 3 in Fighting
  1011 | D:2      | Found a burning altar of Makhleb.
  1038 | D:2      | Became a worshipper of Makhleb the Destroyer
  1052 | D:2      | Noticed a scorpion
  1061 | D:2      | Gained mutation: Your natural rate of healing is unusually
                  | fast. [Vine Stalker growth]
  1061 | D:2      | Reached XP level 4. HP: 23/24 MP: 3/5
  1289 | D:2      | Reached XP level 5. HP: 27/28 MP: 4/6
  1329 | D:2      | Found a faded altar of an unknown god.
  1899 | D:3      | Noticed Sigmund
  2162 | D:3      | Reached * piety under Makhleb
  2495 | D:4      | Found a staircase to the Ecumenical Temple.
  2499 | D:4      | Found a radiant altar of Vehumet.
  2589 | D:4      | Noticed an ogre
  2594 | D:4      | Found Ciruh's Book Shoppe.
  2601 | D:3      | Reached XP level 6. HP: 32/32 MP: 7/7
  2887 | D:4      | Noticed Menkaure
  2899 | D:4      | Killed Menkaure
  2899 | D:4      | Reached XP level 7. HP: 35/37 MP: 6/8
  2900 | D:4      | Reached skill level 1 in Throwing
  3164 | D:5      | Entered Level 5 of the Dungeon
  3390 | D:5      | Reached ** piety under Makhleb
  3420 | D:5      | Reached skill level 4 in Fighting
  3420 | D:5      | Reached skill level 5 in Axes
  3420 | D:5      | Reached skill level 1 in Invocations
  3632 | D:5      | Gained mutation: You have razor-sharp teeth. [Vine Stalker
                  | growth]
  3632 | D:5      | Reached XP level 8. HP: 42/42 MP: 8/10
  3872 | D:6      | Found an iron altar of Okawaru.
  4478 | D:7      | Found a white marble altar of Elyvilon.
  4742 | D:7      | Found a sand-covered staircase.
  4751 | Ossuary  | Entered an ossuary
  4869 | Ossuary  | Reached *** piety under Makhleb
  5138 | D:7      | Reached XP level 9. HP: 46/46 MP: 11/11
  5245 | D:7      | Found a sacrificial altar of Ru.
  5586 | D:7      | Reached skill level 5 in Fighting
  6072 | D:8      | Found a sparkling altar of Nemelex Xobeh.
  6102 | D:8      | Reached skill level 5 in Armour
  6142 | D:8      | Found a glowing golden altar of the Shining One.
  6148 | D:8      | Reached **** piety under Makhleb
  6380 | D:8      | Noticed Prince Ribbit
  6383 | D:8      | Noticed Psyche
  6394 | D:7      | Killed Prince Ribbit
  6580 | D:8      | Killed Psyche
  6580 | D:8      | Reached XP level 10. HP: 26/53 MP: 8/12
  6777 | D:8      | Found a stormy altar of Qazlal.
  6869 | D:8      | Found Jeur's Food Emporium.
  6973 | D:8      | Noticed a two-headed ogre
  7001 | D:8      | Reached skill level 6 in Fighting
  7004 | D:8      | Killed a two-headed ogre
  7178 | D:8      | Reached ***** piety under Makhleb
  7373 | D:9      | Noticed a two-headed ogre
  7383 | D:9      | Killed a two-headed ogre
  7383 | D:9      | Reached skill level 10 in Axes
  7403 | D:9      | Noticed Harold
  7418 | D:9      | Killed Harold
  7418 | D:9      | Reached XP level 11. HP: 29/58 MP: 15/15
  7721 | D:9      | Noticed Grum
  7726 | D:9      | Killed Grum
  7726 | D:9      | Reached skill level 1 in Evocations
  7910 | D:9      | Found a staircase to the Orcish Mines.
  8036 | D:9      | Noticed Pikel
  8046 | D:9      | Killed Pikel
  8149 | D:10     | Entered Level 10 of the Dungeon
  8159 | D:10     | Found Nebaq's Book Emporium.
  8378 | D:10     | Reached skill level 7 in Fighting
  8818 | D:10     | Gained mutation: You are resistant to hostile enchantments.
                  | (MR+) [potion of mutation]
  8818 | D:10     | Gained mutation: Your body sometimes deteriorates upon
                  | taking damage. [potion of mutation]
  8818 | D:10     | Gained mutation: You have a somewhat thin skeletal
                  | structure. (Dex +2, Stealth) [potion of mutation]
  8819 | D:10     | Lost mutation: Your body sometimes deteriorates upon taking
                  | damage. [potion of mutation]
  8819 | D:10     | Lost mutation: You have a somewhat thin skeletal structure.
                  | (Dex +2, Stealth) [potion of mutation]
  8819 | D:10     | Gained mutation: You have a pair of small horns on your
                  | head. [potion of mutation]
  8819 | D:10     | Gained mutation: Your spells are a little harder to cast,
                  | but a little more powerful. [potion of mutation]
  8819 | D:10     | Gained mutation: You evolve. [potion of mutation]
  8874 | D:11     | Noticed a red ugly thing
  8885 | D:11     | Killed a red ugly thing
  8943 | D:11     | Noticed a cyan ugly thing
  9040 | D:11     | Noticed a two-headed ogre
  9050 | D:11     | Killed a two-headed ogre
  9108 | D:11     | Noticed a cyclops
  9178 | D:11     | Killed a cyclops
  9386 | D:11     | Noticed a five-headed hydra
  9395 | D:11     | Killed a five-headed hydra
  9395 | D:11     | Gained mutation: You heal very quickly. [Vine Stalker
                  | growth]
  9395 | D:11     | Reached XP level 12. HP: 63/63 MP: 9/16
  9455 | D:11     | Found a staircase to the Lair.
  9593 | D:11     | Noticed Fannar
  9593 | D:11     | Gained mutation: You are weak. (Str -2) [evolution]
  9690 | D:11     | Killed Fannar
  9991 | D:11     | Noticed Gastronok
 10037 | D:11     | Killed Gastronok
 10037 | D:11     | Reached skill level 5 in Throwing
 10320 | D:12     | Reached skill level 8 in Fighting
 10373 | D:12     | Found an opulent altar of Gozag.
 10590 | D:12     | Found a bloodstained altar of Trog.
 10967 | D:13     | Found Gaclosuc's Weapon Emporium.
 10985 | D:13     | Noticed a centaur warrior
 11006 | D:13     | Killed a centaur warrior
 11006 | D:13     | Reached skill level 5 in Evocations
 11081 | D:13     | Reached skill level 5 in Shields
 11115 | D:13     | HP: 1/65 [slime creature (5)]
 11241 | D:13     | Reached ****** piety under Makhleb
 11300 | D:13     | Noticed a two-headed ogre
 11339 | D:13     | Killed a two-headed ogre
 11339 | D:13     | Reached XP level 13. HP: 69/69 MP: 17/17
 11541 | D:13     | Lost mutation: You evolve. [end of evolution]
 11542 | D:13     | Lost mutation: You are resistant to hostile enchantments.
                  | (MR+) [potion of mutation]
 11542 | D:13     | Lost mutation: You are weak. (Str -2) [potion of mutation]
 11542 | D:13     | Lost mutation: You have a pair of small horns on your head.
                  | [potion of mutation]
 11542 | D:13     | Gained mutation: You possess an exceptional clarity of
                  | mind. [potion of mutation]
 11542 | D:13     | Gained mutation: Your flesh is heat resistant. (rF+)
                  | [potion of mutation]
 11542 | D:13     | Gained mutation: You are partially covered in yellow
                  | scales. (AC +2) [potion of mutation]
 11692 | D:13     | Found a large runed translucent door.
 11795 | D:13     | Found a large runed translucent door.
 11796 | D:13     | Noticed Mirut's ghost (journeyman HOBe)
 12488 | D:14     | Noticed a vault guard
 12489 | D:14     | Found a gate to the Vaults.
 12489 | D:14     | Noticed a vault guard
 12489 | D:14     | Noticed a vault guard
 12503 | D:14     | Noticed a vault guard
 12848 | D:14     | Killed a vault guard
 12944 | D:14     | Killed a vault guard
 13025 | D:14     | You fall into a shaft and drop 1 floor!
 13025 | D:15     | Entered Level 15 of the Dungeon
 13182 | D:14     | Reached skill level 9 in Fighting
 13419 | D:14     | Killed a vault guard
 13469 | D:14     | Killed a vault guard
 13906 | Lair:1   | Entered Level 1 of the Lair of Beasts
 13948 | Lair:1   | Reached XP level 14. HP: 75/75 MP: 18/18
 15182 | Lair:2   | Found a staircase to the Swamp.
 16452 | Lair:3   | Noticed Snorg
 16467 | Lair:3   | Killed Snorg
 16606 | Lair:3   | Reached skill level 1 in Long Blades
 16712 | Lair:3   | Found a staircase to the Snake Pit.
 16853 | Lair:3   | Identified a scroll of acquirement
 16856 | Lair:3   | Got a bloodstained cloak
 16867 | Lair:3   | Identified the +1 cloak of the Ace of Swords {+Fly rPois
                  | Str+3} (You acquired it on level 3 of the Lair of Beasts)
 17644 | Lair:4   | Reached skill level 10 in Fighting
 18533 | Lair:5   | Reached XP level 15. HP: 80/80 MP: 19/19
 18721 | Lair:5   | Found a viscous altar of Jiyva.
 18721 | Lair:5   | Found a staircase to the Slime Pits.
 18825 | Lair:5   | Reached skill level 5 in Invocations
 19287 | Lair:6   | Entered Level 6 of the Lair of Beasts
 19344 | Lair:6   | Found a frozen archway.
 19353 | IceCv    | Entered an ice cave
 19403 | IceCv    | Reached skill level 15 in Axes
 20876 | Snake:1  | Entered Level 1 of the Snake Pit
 20995 | Snake:1  | Reached skill level 10 in Armour
 21488 | Snake:1  | Reached skill level 11 in Fighting
 21488 | Snake:1  | Reached XP level 16. HP: 87/87 MP: 22/22
 21563 | Snake:1  | Noticed Asterion
 21587 | Snake:1  | Killed Asterion
 21677 | Snake:1  | Got an ancient scale mail
 21678 | Snake:1  | Identified the +3 scale mail of Curiosity {*Corrode Str+9}
                  | (You acquired it on level 1 of the Snake Pit)
 21779 | Snake:1  | Noticed Aizul
 21807 | Snake:1  | Killed Aizul
 22452 | Snake:2  | Noticed a nagaraja
 22498 | Snake:2  | Killed a nagaraja
 22573 | Snake:2  | Noticed Saint Roka
 22612 | Snake:2  | Killed Saint Roka
 22750 | Snake:2  | Got a pair of crude boots
 22756 | Snake:2  | Identified the +1 pair of boots "Paotaj" {Int+4} (You
                  | acquired it on level 2 of the Snake Pit)
 22786 | Snake:2  | Noticed Vashnia
 23282 | Snake:1  | Killed Vashnia
 23502 | Snake:2  | Found Oddop's Weapon Boutique.
 23724 | Snake:3  | Found Poni's Weapon Emporium.
 23744 | Snake:3  | Found Feheet's Book Shoppe.
 23817 | Snake:3  | Reached skill level 10 in Shields
 23819 | Snake:3  | Identified the +8 dagger "Hischiem" {flame, Int+3}
 23826 | Snake:3  | Reached XP level 17. HP: 86/91 MP: 24/24
 24257 | Snake:3  | Noticed Bai Suzhen
 24288 | Snake:3  | Killed Bai Suzhen
 24584 | Snake:3  | Got a glittering pewter ring
 24585 | Snake:3  | Identified the ring of Huucyhau {rElec rPois rN++ MR+
                  | Stlth+} (You found it on level 3 of the Snake Pit)
 24884 | Snake:4  | Entered Level 4 of the Snake Pit
 25818 | Snake:4  | Reached skill level 12 in Fighting
 26602 | Snake:4  | Reached XP level 18. HP: 98/98 MP: 26/26
 26790 | Snake:4  | Reached skill level 10 in Invocations
 26914 | Snake:4  | Got a serpentine rune of Zot
 27194 | Swamp:1  | Entered Level 1 of the Swamp
 28310 | Swamp:2  | Noticed Kirke
 28337 | Swamp:2  | Killed Kirke
 29732 | Swamp:4  | Entered Level 4 of the Swamp
 29913 | Swamp:2  | Reached XP level 19. HP: 103/103 MP: 27/27
 29914 | Swamp:2  | Reached XP level 20. HP: 108/108 MP: 28/28
 30088 | Swamp:4  | Identified the +5 plate armour of Tomorrow {Str+4 Slay+2}
 30120 | Swamp:4  | Reached skill level 13 in Fighting
 30188 | Swamp:4  | Reached XP level 21. HP: 113/113 MP: 29/29
 30464 | Swamp:4  | Noticed the 27-headed Lernaean hydra
 30690 | Swamp:4  | Got a decaying rune of Zot
 30983 | Vaults:1 | Entered Level 1 of the Vaults
 32713 | Vaults:2 | Reached skill level 14 in Fighting
 33624 | Vaults:3 | Noticed Xtahua
 33644 | Vaults:3 | Killed Xtahua
 33896 | Vaults:3 | Reached XP level 22. HP: 121/121 MP: 30/30
 34102 | Vaults:3 | Reached skill level 15 in Armour
 34419 | Vaults:3 | Reached skill level 15 in Fighting
 34526 | Vaults:3 | Identified the ring of Neokumeis {*Contam +Fly Dex+2
                  | Stlth+} (You found it on level 3 of the Vaults)
 34640 | Vaults:3 | You fall into a shaft and drop 1 floor!
 34671 | Vaults:4 | Identified the cursed +0 pair of boots "Xaistraidgh" {rN+}
                  | (You found it on level 4 of the Vaults)
 34917 | Vaults:4 | Found Vujapp's Weapon Shop.
 34962 | Vaults:4 | Found a runed translucent gate.
 34962 | Vaults:4 | Found a runed translucent gate.
 34962 | Vaults:4 | Found a runed translucent gate.
 34962 | Vaults:4 | Noticed a golden dragon
 34962 | Vaults:4 | Noticed Geloitur's ghost (veteran SpEE)
 35686 | Vaults:4 | Killed a golden dragon
 35741 | Vaults:4 | Killed Geloitur's ghost
 36025 | Vaults:3 | Found a staircase to the Crypt.
 36193 | Vaults:5 | Entered Level 5 of the Vaults
 36393 | Orc:1    | Entered Level 1 of the Orcish Mines
 36693 | Orc:2    | Entered Level 2 of the Orcish Mines
 36693 | Orc:2    | Found a staircase to the Elven Halls.
 36988 | Orc:2    | Found Koiweip's Distillery.
 36988 | Orc:2    | Found Famy's General Store.
 37086 | Orc:2    | Bought a scroll of blinking for 112 gold pieces
 37103 | Orc:2    | Noticed Azrael
 37125 | Orc:2    | Killed Azrael
 37457 | Orc:2    | Reached skill level 16 in Fighting
 37485 | Orc:2    | Reached XP level 23. HP: 128/128 MP: 31/31
 37567 | Orc:2    | Found Equdyte's Antique Armour Shoppe.
 37567 | Orc:2    | Found Biav's Book Emporium.
 37567 | Orc:2    | Found a one-way gate leading to the halls of Pandemonium.
 37588 | Orc:2    | Bought a pair of embroidered boots for 240 gold pieces
 37598 | Orc:2    | Identified a +1 pair of boots of running (You bought it in
                  | a shop on level 2 of the Orcish Mines)
 37774 | D:4      | Bought a book of Battle for 560 gold pieces
 37777 | D:4      | Learned a level 2 spell: Song of Slaying
 37781 | D:4      | Learned a level 3 spell: Regeneration
 37934 | Orc:2    | Bought a potion of haste for 140 gold pieces
 38239 | Elf:1    | Entered Level 1 of the Elven Halls
 38566 | Elf:1    | Identified Dirysit's Incunabulum of Combat Magic
 38634 | Elf:1    | Found Paegh's Distillery.
 38642 | Elf:1    | Bought a potion of agility for 60 gold pieces
 38642 | Elf:1    | Bought a potion of might for 60 gold pieces
 38642 | Elf:1    | Bought a potion of haste for 150 gold pieces
 38974 | Elf:1    | Paralysed by a floating eye for 2 turns
 38979 | Elf:1    | Reached skill level 15 in Shields
 39269 | Elf:2    | Found Vaziske's Antique Weapon Boutique.
 39528 | Elf:2    | Found a ruined gateway.
 39544 | Desolati | Entered the Desolation of Salt
 39689 | Desolati | Got a crude pewter amulet
 39690 | Desolati | Identified the amulet of the Leaf {Spirit *Contam rC+++
                  | Slay+2} (You found it in the Desolation of Salt)
 40030 | Desolati | Got a crude copper ring
 40031 | Desolati | Identified the ring of Mistrust {EV+3 Dex+3} (You found it
                  | in the Desolation of Salt)
 40237 | Desolati | Identified the cursed +0 pair of gloves "Derio" {rC+ Regen+
                  | Dex+2} (You found it in the Desolation of Salt)
 40253 | Desolati | Identified Doch's Compendium of Toxic Earth
 40308 | Desolati | Reached skill level 10 in Throwing
 40336 | Desolati | Identified Lirphut's Disquisition on Evil Slavery
 40452 | Desolati | Identified the +1 war axe "Ymnul" {holy, Int+3} (You found
                  | it in the Desolation of Salt)
 40623 | Elf:2    | Reached XP level 24. HP: 135/135 MP: 27/32
 40697 | Elf:2    | Found a runed translucent gate.
 40697 | Elf:2    | Found a runed translucent gate.
 40698 | Elf:2    | Found a runed translucent gate.
 40822 | Elf:2    | Reached skill level 17 in Fighting
 41253 | Elf:3    | Entered Level 3 of the Elven Halls
 41551 | Elf:3    | Got a steaming crystal amulet
 41552 | Elf:3    | Identified the amulet "Getumuic" {Reflect +Fly rF+ SH+6}
                  | (You found it on level 3 of the Elven Halls)
 41615 | Elf:3    | Got a sparkling jade ring
 41680 | Elf:3    | Noticed Mara
 41699 | Elf:3    | Killed Mara
 41699 | Elf:3    | Reached skill level 18 in Fighting
 41950 | Elf:3    | Identified the ring of Autotheism {Ice rPois Str+2 SInv}
                  | (You found it on level 3 of the Elven Halls)
 41961 | Elf:3    | Got a twisted large shield
 41962 | Elf:3    | Identified the +6 large shield of Magic {rC+ Dex+3} (You
                  | acquired it on level 3 of the Elven Halls)
 41998 | Elf:3    | Found the +3 giant club "Skullcrusher" {speed, Str+7}
 42025 | Elf:3    | Identified the +6 lajatang of Budieghu {drain, *Drain rElec
                  | rPois MR+} (You found it on level 3 of the Elven Halls)
 43103 | Vaults:5 | Reached XP level 25. HP: 142/142 MP: 27/33
 43112 | Vaults:5 | Identified the ring of the Burgomaster {rC+ MP+9 Str-3
                  | Int+2 Dex+2}
 43180 | Vaults:5 | Identified the +2 plate armour of Exclusion {rElec rF+ rN++
                  | Int-2}
 43216 | Vaults:5 | Reached skill level 19 in Fighting
 43217 | Vaults:5 | Noticed an ancient lich
 43240 | Vaults:5 | Killed an ancient lich
 43930 | Vaults:5 | Reached XP level 26. HP: 150/150 MP: 33/33
 43953 | Vaults:5 | Got a silver rune of Zot
 43958 | Vaults:5 | Identified the Volume of Malediction
 44587 | Vaults:5 | Identified the ring of Reddumosch {rElec rF+++ rN+ MP+9
                  | Int-4}
 44729 | Vaults:5 | Identified the +7 plate armour of Time Monsters {rPois
                  | Int-2 Dex+4 Stlth+} (You found it on level 5 of the Vaults)
 44735 | Vaults:5 | Identified the Catalogue of Unholy Transformation
 45495 | Crypt:1  | Entered Level 1 of the Crypt
 45881 | Crypt:1  | You fall into a shaft and drop 1 floor!
 46404 | Crypt:1  | Noticed Mennas
 46438 | Crypt:1  | Killed Mennas
 46438 | Crypt:1  | Reached skill level 20 in Fighting
 47054 | Crypt:3  | Entered Level 3 of the Crypt
 47601 | Crypt:3  | Found a staircase to the Tomb.
 47753 | Crypt:3  | Noticed Margery
 47775 | Crypt:3  | Killed Margery
 47809 | Crypt:3  | Reached XP level 27. HP: 156/156 MP: 33/33
 47834 | Crypt:3  | Found an ancient bone altar of Kikubaaqudgha.
 48018 | Crypt:3  | Identified the +10 great sword of Tortfeasance {antimagic,
                  | *Slow rElec MR+++ Stlth-}
 48020 | Crypt:3  | Noticed an ancient lich
 48031 | Crypt:3  | Noticed an ancient lich
 48038 | Crypt:3  | Killed an ancient lich
 48049 | Crypt:3  | Killed an ancient lich
 48087 | Crypt:3  | Identified the Volume of Unholy Rites
 48659 | Crypt:3  | Got a shimmering sapphire amulet
 48660 | Crypt:3  | Identified the amulet "Zutuor" {Spirit Dex+3} (You found it
                  | on level 3 of the Crypt)
 49021 | Crypt:3  | Identified the +7 shield of Hangman {rElec rPois Dex-4
                  | Stlth+} (You found it on level 3 of the Crypt)
 49559 | D:15     | Found a staircase to the Depths.
 50196 | D:13     | Killed Mirut's ghost
 50333 | Orc:2    | Bought a potion of magic for 120 gold pieces
 50335 | Orc:2    | Bought a potion of brilliance for 56 gold pieces
 50335 | Orc:2    | Bought a potion of curing for 42 gold pieces
 50335 | Orc:2    | Bought a potion of agility for 56 gold pieces
 50335 | Orc:2    | Bought a potion of invisibility for 112 gold pieces
 50335 | Orc:2    | Bought a potion of cancellation for 112 gold pieces
 50335 | Orc:2    | Bought a potion of brilliance for 56 gold pieces
 50499 | Depths:1 | Entered Level 1 of the Depths
 50689 | Depths:1 | Found a portal to a secret trove of treasure.
 51313 | Depths:1 | Found a gateway to Hell.
 51546 | Depths:1 | Noticed Sojobo
 51546 | Depths:1 | Noticed Frederick
 51574 | Depths:1 | Killed Sojobo
 51575 | Depths:1 | Killed Frederick
 51630 | Depths:2 | You fall into a shaft and drop 1 floor!
 51717 | Depths:3 | Reached skill level 21 in Fighting
 51819 | Depths:3 | Identified the +9 hand crossbow of Balance {flame, rF+
                  | Str+3 Dex+6 SInv}
 51834 | Depths:3 | Identified the ring of Twilight {+Inv rPois rF+ rC+ Str+4
                  | Dex-2}
 51946 | Depths:3 | Found a gateway to a ziggurat.
 52349 | Depths:3 | Found a one-way gate to the infinite horrors of the Abyss.
 52354 | Depths:3 | Paralysed by a floating eye for 3 turns
 52912 | Depths:2 | Found a sacrificial altar of Ru.
 52916 | Depths:2 | Found an opulent altar of Gozag.
 52992 | Depths:2 | Found an opulent altar of Gozag.
 52992 | Depths:2 | Found a blossoming altar of Fedhas.
 53192 | Depths:2 | Identified the +10 broad axe of the Endless Expanse
                  | {distort, *Slow +Inv rF+ Dex+4} (You found it on level 2 of
                  | the Depths)
 53468 | Depths:2 | Found Arphollir's Assorted Antiques.
 54179 | Depths:4 | Reached skill level 22 in Fighting
 54284 | Depths:4 | Identified the +4 buckler of Love and Death {Dex+4 Stlth+}
                  | (You found it on level 4 of the Depths)
 54387 | Depths:4 | Found a radiant altar of Vehumet.
 54387 | Depths:4 | Noticed Boris
 54400 | Depths:4 | Killed Boris
 54426 | Depths:4 | Identified the ring "Uxefiqup" {*Drain MR+ Int+9 Stlth+}
                  | (You found it on level 4 of the Depths)
 54434 | Depths:4 | Got a faintly glowing glass ring
 55131 | Depths:5 | Entered Level 5 of the Depths
 55144 | Depths:5 | Found Ceibuw's Magic Scroll Shop.
 55146 | Depths:5 | Found Vatas's Magic Scroll Boutique.
 55148 | Depths:5 | Found Parchack's Book Shop.
 55152 | Depths:5 | Bought a scroll of enchant armour for 142 gold pieces
 55152 | Depths:5 | Bought a scroll of enchant armour for 142 gold pieces
 55152 | Depths:5 | Bought a scroll of summoning for 180 gold pieces
 55159 | Depths:5 | Bought a scroll of summoning for 209 gold pieces
 55240 | Depths:5 | Found a gate to the Realm of Zot.
 55895 | Zot:1    | Entered Level 1 of the Realm of Zot
 56811 | Zot:2    | Identified the ring "Yryirahi" {MR++ MP+9 Dex+5 Stlth-}
                  | (You found it on level 4 of the Depths)
 57135 | Zot:2    | Reached skill level 23 in Fighting
 59409 | Zot:5    | Entered Level 5 of the Realm of Zot
 59819 | Zot:5    | Noticed an ancient lich
 59831 | Zot:5    | Killed an ancient lich
 60541 | Zot:5    | Noticed an orb of fire
 60557 | Zot:5    | Killed an orb of fire
 60773 | Zot:5    | Reached skill level 24 in Fighting
 60832 | Zot:5    | Noticed an ancient lich
 60846 | Zot:5    | Killed an ancient lich
 61064 | Zot:5    | Noticed an ancient lich
 61068 | Zot:5    | Noticed an orb of fire
 61078 | Zot:5    | Killed an ancient lich
 61089 | Zot:5    | Killed an orb of fire
 61546 | Zot:5    | Noticed an orb of fire
 61557 | Zot:5    | Killed an orb of fire
 61566 | Zot:5    | Paralysed by the power of Zot for 4 turns
 61765 | Zot:5    | Got the Orb of Zot
 62322 | D:$      | Escaped with the Orb!

Levels and vault maps discovered:
D:1:      minmay_arrival_stone_box, layout_rooms
D:2:      layout_basic, lemuel_crystal_altar, chequers_ecumenical_altar_simple,
          first_ration, st_stairs_3, minmay_pentomino_p2
D:3:      layout_basic, st_stairs_14, uniq_sigmund
D:4:      layout_cave_pools, minmay_temple_entry_stoned_glass, serial_shops,
          shop, vehumet_altar_wand_db, uniq_menkaure
D:5:      layout_rooms
D:6:      layout_basic, okawaru_metal_pillars_1_2, nrook_loot_triangle
D:7:      layout_basic, kennysheep_little_box, nicolae_overflow_crystal_walls,
          lightli_ossuary_entry_decrepit_ruins
D:8:      hangedman_cross_veins, layout_rooms, nicolae_qazlal_eye_of_the_storm,
          nemelex_xobeh_ov_fountains_minmay, serial_undead, serial_undead_a,
          serial_undead_b, serial_undead_b, serial_undead_a, serial_shops,
          shop_statue, blue_anna_alchemist [blue_anna_fruit_fields,
          blue_anna_fruit_fields], nicolae_tso_besieged_by_evil,
          uniq_prince_ribbit1, uniq_psyche
D:9:      layout_loops_cross, hiddenorc1_lemuel, uniq_harold, uniq_grum,
          uniq_pikel
D:10:     layout_loops_ring, serial_shops, shop
D:11:     layout_basic, erik_lair_island, columned_hall_lemuel, uniq_gastronok,
          uniq_fannar
D:12:     layout_long_grid, kennysheep_flooded_box, grunt_gozag_breadcrumbs
D:13:     layout_long_grid, ebering_ghost_disaster_area, serial_shops,
          kennysheep_mini
D:14:     layout_stronghold, lightli_vaults_fourway_checkpoint
D:15:     grunt_enter_depths_giant_problem, layout_basic, serial_ice,
          serial_ice_i, serial_ice_h, serial_ice_e, serial_ice_a, serial_ice_f,
          serial_ice_g, serial_ice_c, minmay_tree_intersection
Lair:1:   beast_lair_carwin_large_2, layout_cave_pods
Lair:2:   layout_cave_pods, swamp_mist_pool, lemuel_fruit_fields,
          infiniplex_staircase_pool
Lair:3:   layout_cave_shapes, minmay_snake_entry_guardpost_medium,
          beast_lair_carwin_2, uniq_snorg
Lair:4:   layout_loops_ring, special_room [special_room_bee],
          chequers_serial_rivers_micro_e, kilobyte_rumbling_trees,
          grunt_megastairs_2, serial_bayou_shore_b
Lair:5:   layout_regular_city, slime_altar_1, lemuel_fruit_tree
Lair:6:   hangedman_lair_in_review, layout_hall_layers,
          portal_ice_cave_entry_pillars_2
Swamp:1:  layout_falls_marsh, serial_swamp_ruin, evilmike_swamp_ruin_house_4,
          evilmike_swamp_ruin_house_6, evilmike_swamp_ruin_house_3, swamp_pool5
Swamp:2:  layout_basic_swamp, evilmike_swamp_ruin_rubble_1, uniq_kirke
Swamp:3:  layout_basic_swamp, evilmike_swamp_ruin_wall,
          infiniplex_staircase_pool_2
Swamp:4:  grunt_swamp_rune_castle, layout_basic_swamp, swamp_pool2
Snake:1:  layout_chambers, nicolae_snake_lava_pool, uniq_aizul, uniq_asterion
Snake:2:  layout_cave_shapes, serial_shops, nicolae_shop_waterfront,
          nrook_guardian_serpent_double, uniq_saint_roka, uniq_vashnia
Snake:3:  dpeg_oklob_gauntlet, layout_misc_corridors, st_stairs_11,
          grunt_megastairs_1, serial_bayou_shore_b, minmay_shoptagon,
          uniq_bai_suzhen
Snake:4:  snake_pit, layout_cave_town
Orc:1:    layout_caves, minmay_orc_barracks
Orc:2:    pf_orc_diabolical, layout_caves, statue_in_the_mist_lemuel,
          uniq_azrael
Elf:1:    layout_onion_city, serial_shops, shop_fountains,
          minmay_elf_annihilation, serial_sigils_hangedman_gut, drop_trap
Elf:2:    layout_geoelf_octagon, serial_shops, shop,
          portal_desolation_entry_twin_temple,
          nicolae_elf_glass_and_crystal_pillar_1
Elf:3:    grunt_elf_hall_branching, layout_rooms, drop_trap,
          roderic_lattice_octagonal_star, uniq_mara
Vaults:1: v_misc_4, nicolae_vaults_asterisk, ontoclasm_vaults_ring_small,
          vaults_mumra_chevron, ontoclasm_vaults_spin, grunt_vaults_trifunnel,
          vaults_room_large_hall, nicolae_vaults_specimen_jars,
          grunt_vaults_focal, nicolae_vaults_little_squares_3,
          nicolae_vaults_little_squares_6, vaults_dpeg_ring,
          grunt_vaults_hallway_short, hangedman_vaults_restitches,
          layout_vaults_big_cross
Vaults:2: st_lattice, vaults_room_semicircle, vaults_room_boxed,
          nicolae_vaults_network_square, ontoclasm_vaults_bender,
          ontoclasm_vaults_eye, layout_vaults_ring
Vaults:3: vaults_room_hangedman_quadrants,
          vaults_standard_mumra_enter_the_diamond, ontoclasm_vaults_twist,
          nicolae_vaults_network_quincunx
          [nicolae_vaults_network_quincunx_subvault,
          nicolae_vaults_network_quincunx_subvault,
          nicolae_vaults_network_quincunx_subvault,
          nicolae_vaults_network_quincunx_subvault,
          nicolae_vaults_network_quincunx_subvault], ontoclasm_vaults_ligature,
          vaults_mumra_lcd, blue_anna_dwarven_crypt, layout_vaults_chaotic_city,
          uniq_xtahua
Vaults:4: gammafunk_vaults_ghost_split, nicolae_vaults_windows_and_doors_thing,
          nicolae_vaults_little_squares_4, grunt_vaults_funnel, v_rooms_1,
          hangedman_vaults_nails, v_misc_10, v_misc_30, nicolae_vaults_octagons,
          nicolae_vaults_circle_grid_b, v_misc_15, nicolae_vaults_circle_grid_b,
          layout_vaults_maze, serial_shops, shop
Vaults:5
Crypt:1:  layout_regular_city, nicolae_crypt_ancient_font, uniq_mennas
Crypt:2:  layout_basic, serial_sigils_hangedman_quiver
Crypt:3:  evilmike_haunted_forest, uniq_margery
Depths:1: layout_twisted_cross, hangedman_coc_ice_floe, nrook_mini_backslash,
          enter_trove_0, abandoned_shop, sword_in_stone
Depths:2: minmay_the_grid_octo_triangle [minmay_the_grid_octo_shrine,
          minmay_the_grid_octo_prize_ultimate_mussel_roller,
          minmay_the_grid_octo_toaster], layout_long_grid, hell_entry,
          serial_shops, nicolae_shop_overgrown_old_shop, hex_medium
Depths:3: minmay_heptahexagon, layout_basic, enter_ziggurat_d,
          rand_demon_pan_entry_4, abyss_entry, minmay_misc_feat_enclosed,
          hangedman_geh_valley, dk_noncrumbling_4
Depths:4: evilmike_halls_of_destruction, layout_gridville, minmay_fountain_box,
          hellmouth_1, abyss_entry, grunt_ministairs_7, minislime_mu,
          minmay_staircase_windowed_large, grunt_megastairs_4
Depths:5: grunt_crosshair, layout_gridville, rand_demon_pan_entry_9,
          abyss_entry, hell_entry, hangedman_abyss_or_decor_jellyfish_corner,
          minmay_shop_star
Zot:1:    layout_onion, skrybe_zot_glass_3
Zot:2:    lemuel_draconian_sentries_small, layout_basic, guppyfry_library_mini
Zot:3:    layout_misc_corridors
Zot:4:    layout_twisted_circle
Zot:5:    layout_basic

Skill      XL: |  1  2  3  4  5  6  7  8  9 10 11 12 13 14 15 16 17 18 19 20 21 22 23 24 25 26 27 |
---------------+----------------------------------------------------------------------------------+-----
Shields        | 3 4 5 6 7 9 10 11 13 14 15 16 18 21 | 21.6
Fighting       | 3 4 5 6 7 8 9 10 11 12 13 14 16 18 19 20 24 | 24.5
Axes           | 2 3 4 5 6 8 10 11 12 13 14 15 16 17 18 22 | 22.2
Armour         | 3 4 5 6 7 8 9 10 11 13 14 15 16 17 18 21 | 21.3
Throwing       | 1 2 3 4 5 6 7 10 11 | 11.2
Invocations    | 1 2 4 7 8 9 10 11 12 14 | 14.0
Evocations     | 3 5 |  5.0
Long Blades    | 1 |  1.1
Stealth        | |  0.8

Action                   |  1- 3 |  4- 6 |  7- 9 | 10-12 | 13-15 | 16-18 | 19-21 | 22-24 | 25-27 || total
-------------------------+-------+-------+-------+-------+-------+-------+-------+-------+-------++-------
Melee: War axe           |    82 |   135 |   222 |   569 |  1256 |    42 |       |       |   589 ||  2895
       Bite              |    19 |    31 |   135 |   240 |   515 |   579 |   307 |   735 |  2036 ||  4597
       Hand axe          |       |       |   128 |    13 |       |       |       |       |       ||   141
       Headbutt          |       |       |       |    99 |     4 |       |       |       |       ||   103
       Scimitar          |       |       |       |       |    20 |    21 |    26 |       |       ||    67
       Broad axe         |       |       |       |       |       |  1266 |   588 |  1550 |  2803 ||  6207
Throw: Dart              |       |    13 |    31 |    20 |    93 |    27 |       |       |       ||   184
       Boomerang         |       |       |     4 |    59 |    77 |   100 |    15 |    84 |    56 ||   395
 Cast: Song of Slaying   |       |       |       |       |       |       |       |     1 |       ||     1
Invok: Lesser Servant of |       |       |       |     4 |     3 |     4 |     2 |     1 |       ||    14
       Greater Servant o |       |       |       |       |       |       |     1 |       |     1 ||     2
Evoke: Wand              |       |       |       |     5 |     3 |     6 |     2 |     5 |    18 ||    39
  Use: Potion            |       |     1 |       |     2 |     2 |     2 |     1 |     1 |    16 ||    25
       Scroll            |       |       |     5 |     8 |    13 |    19 |     5 |    29 |    21 ||   100
 Stab: Distracted        |       |       |       |     1 |     1 |     2 |       |     2 |     3 ||     9
       Invisible         |       |       |       |       |     2 |       |       |       |       ||     2
       Petrified         |       |       |       |       |     3 |       |       |       |       ||     3
       Confused          |       |       |       |       |       |     2 |       |       |       ||     2
  Eat: Chunk             |     1 |     6 |    12 |    20 |    27 |    18 |     4 |    26 |    31 ||   145
       Ration            |       |       |       |       |     2 |     3 |     3 |     2 |    11 ||    21
Armor: Scale mail        |    71 |    55 |    90 |       |       |       |       |       |       ||   216
       Plate armour      |       |       |    43 |   342 |   646 |   702 |   364 |   173 |       ||  2270
       Chain mail        |       |       |    35 |       |       |       |       |       |       ||    35
       Gold dragon scale |       |       |       |       |       |       |       |   491 |  1119 ||  1610
Dodge: Dodged            |    48 |    34 |    69 |    91 |   409 |   238 |   145 |   221 |   239 ||  1494
Block: Shield            |    76 |    56 |   178 |   266 |   718 |   933 |   437 |   976 |       ||  3640
       Reflection        |       |       |       |       |    30 |   102 |    37 |    94 |   100 ||   363
       Large shield      |       |       |       |       |       |       |       |   112 |  3800 ||  3912
       Rpst.: Scimitar   |       |       |       |       |     6 |     2 |     3 |       |       ||    11

Table legend:
 A = Non-vault XP
 B = Vault XP
 C = Vault XP percentage of total XP
 D = Non-vault monster count
 E = Vault monster count
 F = Vault count percentage of total count
                 A         B        C        D         E       F
            +---------+---------+-------+---------+---------+-------
      Total |  965675 |  961816 |  49.9 |    1657 |    1122 |  40.4
            +---------+---------+-------+---------+---------+-------
        D:1 |      42 |       0 |   0.0 |      20 |       0 |   0.0
        D:2 |      50 |      94 |  65.3 |      15 |       4 |  21.1
        D:3 |     160 |       1 |   0.6 |      27 |       1 |   3.6
        D:4 |     368 |     166 |  31.1 |      12 |       2 |  14.3
        D:5 |     400 |       0 |   0.0 |      13 |       0 |   0.0
        D:6 |     247 |       0 |   0.0 |      13 |       0 |   0.0
        D:7 |    1441 |     519 |  26.5 |      48 |       3 |   5.9
        D:8 |     572 |    3561 |  86.2 |      12 |      35 |  74.5
        D:9 |    2008 |    2360 |  54.0 |      16 |      23 |  59.0
       D:10 |    2024 |       0 |   0.0 |      27 |       0 |   0.0
       D:11 |    5264 |    3493 |  39.9 |      35 |      11 |  23.9
       D:12 |    5605 |       0 |   0.0 |      32 |       0 |   0.0
       D:13 |   13641 |    1807 |  11.7 |      41 |       1 |   2.4
       D:14 |    3182 |    5494 |  63.3 |      24 |      12 |  33.3
       D:15 |    9934 |    4060 |  29.0 |      27 |      16 |  37.2
     Lair:1 |    3605 |    1422 |  28.3 |      16 |       6 |  27.3
     Lair:2 |    6893 |       0 |   0.0 |      26 |       0 |   0.0
     Lair:3 |    7033 |    2274 |  24.4 |      27 |      11 |  28.9
     Lair:4 |    4837 |    4846 |  50.0 |      19 |      33 |  63.5
     Lair:5 |    6221 |       0 |   0.0 |      31 |       0 |   0.0
     Lair:6 |    4467 |   10994 |  71.1 |      13 |      21 |  61.8
    Swamp:1 |   13235 |     409 |   3.0 |      43 |       3 |   6.5
    Swamp:2 |   12081 |    2517 |  17.2 |      27 |       3 |  10.0
    Swamp:3 |   17393 |       0 |   0.0 |      29 |       0 |   0.0
    Swamp:4 |   10780 |   16896 |  61.0 |      27 |      34 |  55.7
    Snake:1 |   20715 |   14012 |  40.3 |      36 |      22 |  37.9
    Snake:2 |   14214 |   10962 |  43.5 |      23 |      18 |  43.9
    Snake:3 |   26449 |   11999 |  31.2 |      56 |      11 |  16.4
    Snake:4 |   17908 |   26489 |  59.7 |      36 |      40 |  52.6
      Orc:1 |    2784 |     770 |  21.7 |      28 |      17 |  37.8
      Orc:2 |    4493 |   19679 |  81.4 |      26 |      69 |  72.6
      Elf:1 |   33774 |    4625 |  12.0 |      53 |       7 |  11.7
      Elf:2 |   24195 |   28311 |  53.9 |      41 |      33 |  44.6
      Elf:3 |   19207 |   57468 |  75.0 |      28 |      34 |  54.8
   Vaults:1 |   34283 |    5000 |  12.7 |      56 |      10 |  15.2
   Vaults:2 |   16073 |   15193 |  48.6 |      34 |      19 |  35.8
   Vaults:3 |   45328 |   19861 |  30.5 |      70 |      16 |  18.6
   Vaults:4 |   12335 |   40600 |  76.7 |      14 |      49 |  77.8
   Vaults:5 |   54639 |  170107 |  75.7 |      60 |     109 |  64.5
    Crypt:1 |   32931 |    7620 |  18.8 |      48 |       1 |   2.0
    Crypt:2 |   16288 |       0 |   0.0 |      26 |       0 |   0.0
    Crypt:3 |       0 |   88589 | 100.0 |       0 |     121 | 100.0
   Depths:1 |   44184 |   13957 |  24.0 |      50 |       5 |   9.1
   Depths:2 |   32323 |   11269 |  25.9 |      38 |      10 |  20.8
   Depths:3 |   58982 |   62572 |  51.5 |      73 |      47 |  39.2
   Depths:4 |   62676 |   48363 |  43.6 |      76 |      54 |  41.5
   Depths:5 |   13809 |   29865 |  68.4 |      15 |      23 |  60.5
      Zot:1 |   56337 |       0 |   0.0 |      37 |       0 |   0.0
      Zot:2 |   49930 |   16656 |  25.0 |      27 |      12 |  30.8
      Zot:3 |   51957 |       0 |   0.0 |      35 |       0 |   0.0
      Zot:4 |   32844 |       0 |   0.0 |      18 |       0 |   0.0
      Zot:5 |   55534 |  136757 |  71.1 |      33 |      36 |  52.2
    Ossuary |       0 |     204 | 100.0 |       0 |      16 | 100.0
      IceCv |       0 |    4878 | 100.0 |       0 |      22 | 100.0
 Desolation |       0 |   55097 | 100.0 |       0 |     102 | 100.0
            +---------+---------+-------+---------+---------+-------
